 Dungeon Crawl Stone Soup version 0.29.1-15-g9cfb28693d (webtiles) character file.

Game seed: 15057678352122659871

14 protoss039 the Digger (level 2, 11/21 HPs)
             Began as a Demonspawn Earth Elementalist on Mar 17, 2023.
             Got out of the dungeon alive.
             The game lasted 00:00:30 (453 turns).

protoss039 the Digger (DsEE)                         Turns: 453, Time: 00:00:31

Health: 11/21      AC:  5    Str:  8    XL:     2   Next: 31%
Magic:  4/5        EV: 11    Int: 16    God:
Gold:   14         SH:  0    Dex: 13    Spells: 4/5 levels left

rFire   . . .      SeeInvis .   c - +0 spear
rCold   . . .      Faith    .   (no shield)
rNeg    . . .      Spirit   .   d - +0 leather armour
rPois   .          Reflect  .   e - +1 helmet
rElec   .          Harm     .   (no cloak)
rCorr   .          Rampage  .   (no gloves)
Will    .....                   (no boots)
Stlth   ++........              (no amulet)
HPRegen 0.07/turn               (no ring)
MPRegen 0.09/turn               (no ring)

@: no status effects
A: spiny 1
a: no special abilities


You escaped.
You visited 1 branch of the dungeon, and saw 1 of its levels.

You collected 14 gold pieces.

Inventory:

Hand Weapons
 c - a +0 spear (weapon)
Armour
 d - a +0 leather armour (worn)
 e - a +1 helmet (worn)
Magical Staves
 a - a staff of poison
Scrolls
 f - a scroll of vulnerability {unknown}
Potions
 b - a potion of magic


   Skills:
 + Level 1.0 Fighting
 - Level 1.7 Dodging
 - Level 1.7 Stealth
 + Level 2.3 Spellcasting
 - Level 0.8 Transmutations
 + Level 3.0 Earth Magic


You had 4 spell levels left.
You knew the following spells:

 Your Spells              Type           Power      Damage    Failure   Level
a - Sandblast             Erth           22%        2d7       9%          1

Your spell library contained the following spells:

 Spells                   Type           Power      Damage    Failure   Level
 Passwall                 Tmut/Erth      6%         N/A       21%         2
 Stone Arrow              Conj/Erth      12%        3d7       43%         3
 Petrify                  Tmut/Erth      8%         N/A       78%         4


Dungeon Overview and Level Annotations

Branches:
Dungeon (1/15) Zot: 5540

Altars:


Innate Abilities, Weirdness & Mutations

You are partially covered in sharp spines.


Message History

The dart slug launches a dart at you.
The slug dart hits you but does no damage.
You reach to attack!
You hit the dart slug.
The dart slug is heavily wounded.
You hit the dart slug.
The dart slug is almost dead.
You hit the dart slug but do no damage.
The dart slug is almost dead.
The dart slug is struck by your spines.
You kill the dart slug!
Your Fighting skill increases to level 1!
You reach to attack!
You closely miss the hobgoblin.
Unknown command.
You hit the hobgoblin but do no damage. The hobgoblin closely misses you.
Unknown command.
You barely miss the hobgoblin. The hobgoblin is struck by your spines.
The hobgoblin completely misses you.
You barely miss the hobgoblin.
The hobgoblin is almost dead.
The hobgoblin hits you.
You hit the hobgoblin.
The hobgoblin is almost dead.
The hobgoblin barely misses you. The hobgoblin hits you.
You are too injured to fight recklessly!
You are too injured to fight recklessly!
You are too injured to fight recklessly!
Unknown command.
Casting: Sandblast (safe; 9% risk of failure)
Confirm with . or Enter, or press ? or * to list all spells.
Aiming: Sandblast (safe; 9% risk of failure)
Press: ? - help, Shift-Dir - straight line, f/p - hobgoblin
Aim: a hobgoblin (almost dead, 82% to hit)
The blast of sand hits the hobgoblin!
You kill the hobgoblin!
Your Earth Magic skill increases to level 3!
Unknown command.
Unknown command.
There is a staircase leading out of the dungeon here.
Are you sure you want to leave the Dungeon?
This will make you lose the game!
You have escaped!

##.......##
##.........##
##...........##
##......#......##
##......###......#
# ##......##
##......
#.#......##
##.....
#.##.......##
##....
#......@..## ##..>
####.......#
##.... #.#[.....#
##.[... #
##......# ##......
##......###......#
##......#......##
##......)....##
#.........##
##.......##


There were no monsters in sight!

Vanquished Creatures
  A dart slug (D:1)
  A ball python (D:1)
  A bat (D:1)
  An endoplasm (D:1)
  2 goblins (D:1)
  2 hobgoblins (D:1)
  A kobold (D:1)
  A rat (D:1)
10 creatures vanquished.

Notes
Turn   | Place    | Note
-------+----------+-------------------------------------------
     0 | D:1      | protoss039 the Demonspawn Earth Elementalist began the
                  | quest for the Orb.
     0 | D:1      | Reached XP level 1. HP: 13/13 MP: 3/3
   410 | D:1      | Gained mutation: You are partially covered in sharp spines.
                  | [demonic ancestry]
   410 | D:1      | Reached XP level 2. HP: 16/20 MP: 1/5
   418 | D:1      | Reached skill level 1 in Fighting
   424 | D:1      | Reached skill level 3 in Earth Magic
   453 | D:$      | Got out of the dungeon alive.

Illustrated notes

Levels and vault maps discovered:
D:1:      dpeg_arrival_central, layout_basic, nicolae_ecumenical_snake_handling,
          minmay_distorted

Skill      XL: |  1  2 |
---------------+-------+-----
Fighting       | 1 |  1.0
Earth Magic    | 3 |  3.0
Dodging        | |  1.7
Stealth        | |  1.7
Spellcasting   | |  2.3
Transmutations | |  0.8

Action                   || total
-------------------------++-------
Melee: Spear             ||    20
 Cast: Sandblast         ||    10
Armor: Leather armour    ||     2
       Robe              ||     1
Dodge: Dodged            ||    13
